AoeStats
← [PLGRS]socrates'11

Pilgrims

509503743Analyzed
3v3 RM · 7d ago on Sep 27, 2026· 80m 34s· 6 players
Game mode
Random Map
Map size
Normal (6 player)
Population
200
Speed
Normal
Resources
Standard
Victory
Conquest
Starting age
Dark Age
Ending age
Imperial Age
RankedLock teamsTeams togetherTeam positionsShared explorationLock speedFull tech treeHidden civsTurbo modeCheats
Victory
Defeat
🇦🇷 Magyars · Argentina
910
+16
🇦🇺 Mongols · Australia
880
+18
🇲🇾 Danes · Malaysia
862
+18
🇺🇸 Teutons · United States
938
-18
🇺🇸 Ethiopians · United States
905
-17
🇺🇸 Varangians · United States
904
-17
KAPTN
13:52 Feudal Age
12:08 Loom
14:27 Double-Bit Axe
19:32 Castle Age
19:44 Scale Barding Armor
19:50 Forging
21:45 Wheelbarrow
22:21 Bow Saw
24:36 Hand Cart
27:01 Horse Collar
27:55 Bloodlines
28:51 Husbandry
38:23 Imperial Age
39:40 Murder Holes
39:51 Light Cavalry
44:09 Chain Barding Armor
44:25 Iron Casting
44:44 Hussar
56:06 Blast Furnace
Pancito
7:26 Loom
13:35 Feudal Age
15:17 Double-Bit Axe
17:17 Fishing Lines
21:08 Gold Mining
24:40 Castle Age
24:12 Horse Collar
25:32 Bow Saw
25:34 Thumb Ring
27:29 Fletching
27:40 Padded Archer Armor
27:52 Bloodlines
27:43 Husbandry
28:06 Ballistics
28:26 Wheelbarrow
28:09 Town Watch
28:50 Bodkin Arrow
29:11 Leather Archer Armor
29:02 Scale Barding Armor
31:57 Corvinian Army
33:36 Heated Shot
33:27 Treadmill Crane
34:55 Hand Cart
35:02 Gillnets
40:53 Imperial Age
41:10 Elite Magyar Huszar
41:55 Recurve Bow
42:57 Bracer
43:27 Ring Archer Armor
43:18 Chain Barding Armor
43:29 Parthian Tactics
44:31 Two-Man Saw
51:33 Siege Engineers
52:29 Chemistry
52:37 Heavy Scorpion
57:31 Heavy Cavalry Archer
61:18 Capped Ram
62:49 Plate Barding Armor
Glor. Jie
5:44 Loom
13:44 Feudal Age
15:23 Wheelbarrow
14:34 Town Watch
15:52 Double-Bit Axe
16:02 Fishing Lines
17:01 Bloodlines
17:23 Gold Mining
19:16 Forging
19:58 Scale Barding Armor
22:00 Castle Age
20:11 Scale Mail Armor
23:51 Hand Cart
23:36 Town Patrol
23:56 Light Cavalry
25:15 Iron Casting
28:51 Horse Collar
30:38 Gold Shaft Mining
29:54 Stone Mining
31:31 Gambesons
31:47 Squires
31:33 Arson
32:13 Hamask
33:39 Stone Shaft Mining
37:10 Gillnets
41:58 Imperial Age
39:56 Heavy Plow
42:02 Elite Jomsviking
42:33 Capped Ram
45:04 Blast Furnace
45:06 Siege Ram
47:28 Conscription
47:55 Hoardings
48:35 Northmen's Fury
51:31 Chain Mail Armor
59:12 Elite Varangian Guard
64:07 Bow Saw
64:59 Plate Mail Armor
70:26 Caravan
[PLGRS]socrates'11
5:19 Loom
14:02 Feudal Age
16:36 Horse Collar
16:44 Double-Bit Axe
19:31 Castle Age
18:21 Stone Mining
18:50 Gold Mining
21:57 Bow Saw
22:30 Wheelbarrow
23:45 Scale Mail Armor
26:07 Pikeman
30:34 Heavy Plow
32:16 Scale Barding Armor
32:22 Forging
32:48 Hand Cart
33:32 Bloodlines
38:39 Imperial Age
38:44 Imperial Age
39:20 Iron Casting
39:04 Cavalier
41:23 Fletching
46:27 Chain Barding Armor
47:48 Blast Furnace
47:48 Stone Shaft Mining
50:13 Crop Rotation
52:31 Two-Man Saw
51:42 Caravan
52:55 Conscription
56:40 Scale Mail Armor
57:15 Plate Barding Armor
57:09 Squires
60:21 Gambesons
67:05 Halberdier
68:46 Bodkin Arrow
[PLGRS]MrMeseeks
14:56 Feudal Age
13:13 Loom
18:45 Castle Age
22:05 Horse Collar
31:04 Arson
31:21 Squires
31:44 Forging
31:34 Scale Mail Armor
33:41 Elite Skirmisher
40:02 Imperial Age
38:51 Chain Mail Armor
39:12 Iron Casting
42:16 Elite Varangian Guard
53:14 Blast Furnace
58:22 Plate Mail Armor
61:00 Light Cavalry
63:45 Pikeman
65:06 Bloodlines
69:17 Hussar
[PLGRS]SahaFresh
6:48 Loom
14:32 Feudal Age
16:19 Horse Collar
22:28 Castle Age
22:01 Fletching
23:36 Elite Skirmisher
23:36 Crossbowman
24:24 Thumb Ring
29:24 Bodkin Arrow
31:45 Elite Skirmisher
34:02 Ballistics
33:38 Murder Holes
35:06 Gold Mining
35:05 Double-Bit Axe
35:26 Heavy Plow
38:53 Imperial Age
37:05 Wheelbarrow
36:44 Padded Archer Armor
37:23 Gold Shaft Mining
41:10 Conscription
40:22 Arbalester
42:05 Chemistry
41:59 Fortified Wall
43:50 Stone Mining
44:17 Bow Saw
44:17 Bracer
44:32 Leather Archer Armor
47:22 Caravan
63:09 Guard Tower
63:38 Hand Cart
64:57 Two-Man Saw
66:24 Light Cavalry
67:04 Husbandry
68:51 Cavalier
68:52 Hussar
69:53 Scale Barding Armor
72:14 Chain Barding Armor
72:25 Ring Archer Armor
Connection lost

Rejoining the realm…

Still unreachable

The connection could not be restored.

Session expired

The server has moved on; the page needs a fresh start.